Map: Pillars of Gold LE

Players

AcidForBlood - Winner!

  • Race: Protoss Protoss
  • League: Diamond
  • Spawn Location: 7:00

Massa

  • Race: Terran Terran
  • League: Platinum
  • Spawn Location: 1:00

VOD

Have the link to the VOD?

Description

Time

  • Played on: Jan. 17, 2021, 1:16 p.m.
  • Length: 10:56
Show
View Real Time Build Order
Export as new Build Order

AcidForBlood Protoss - Winner!

Build Orders:  

Get SALT Encoding   

  12  0:01  Probe  
  13  0:13  Probe  
  14  0:20  Pylon  
  14  0:25  Probe  
  15  0:39  Probe  
  16  0:45  Gateway  
  16  0:47  Pylon  
  16  0:54  Assimilator  
  16  1:05  Probe  
  16  1:06  Assimilator  
  17  1:15  Gateway  
  17  1:22  Probe (Chrono Boost)  
  18  1:31  Probe (Chrono Boost)  
  19  1:36  Probe (Chrono Boost)  
  20  1:40  Cybernetics Core  
  20  1:48  Probe (Chrono Boost)  
  21  2:00  Probe (Chrono Boost)  
  22  2:06  Probe (Chrono Boost)  
  23  2:14  Probe, Warp Gate (Chrono Boost)  
  24  2:17  Stalker x2  
  28  2:29  Probe  
  29  2:41  Probe  
  30  2:51  Stalker  
  31  2:54  Pylon  
  32  3:12  Probe  
  32  3:16  Gateway  
  32  3:25  Probe  
  33  3:35  Nexus  
  33  3:44  Twilight Council  
  33  3:51  Stalker x2  
  37  4:10  Stalker  
  37  4:13  Pylon  
  39  4:19  Blink (Chrono Boost)  
  39  4:29  Pylon  
  39  4:38  Stalker  
  39  4:39  Stalker  
  36  5:04  Stalker x3  
  34  5:29  Probe (Chrono Boost)  
  35  5:39  Stalker  
  35  5:41  Probe (Chrono Boost)  
  38  5:48  Probe (Chrono Boost)  
  35  5:56  Probe (Chrono Boost)  
  36  6:02  Pylon  
  36  6:03  Shield Battery  
  37  6:05  Probe (Chrono Boost)  
  37  6:07  Stalker  
  37  6:08  Probe (Chrono Boost)  
  40  6:14  Probe (Chrono Boost)  
  40  6:16  Probe (Chrono Boost)  
  42  6:19  Shield Battery  
  42  6:25  Probe (Chrono Boost)  
  43  6:27  Stargate  
  43  6:30  Probe (Chrono Boost)  
  44  6:38  Probe x2 (Chrono Boost)  
  46  6:45  Stalker x2  
  46  6:46  Probe  
  51  6:50  Probe  
  52  6:55  Forge  
  52  6:58  Probe  
  53  7:10  Probe  
  46  7:36  Stalker x3  
  48  8:01  Probe  
  48  8:03  Assimilator  
  49  8:08  Gateway  
  49  8:09  Gateway  
  49  8:11  Pylon  
  49  8:12  Fleet Beacon  
  49  8:13  Probe  
  49  8:15  Stalker x2  
  49  8:16  Stalker  
  56  8:25  Probe  
  57  8:32  Pylon  
  57  8:35  Photon Cannon, Protoss Ground Weapons Level 1 (Chrono Boost)  
  57  8:37  Probe  
  54  8:48  Photon Cannon, Stalker x3  
  60  8:52  Assimilator  
  58  9:17  Stalker  
  58  9:18  Stalker x4  
  68  9:27  Photon Cannon  
  68  9:30  Shield Battery  
  68  9:43  Stalker x4  
  68  9:44  Stalker  
  78  9:50  Nexus  
  78  9:55  Robotics Facility  
  78  10:06  Probe  
  79  10:09  Probe  
  79  10:12  Stalker x3  
  86  10:18  Probe  
  87  10:21  Probe, Pylon  
  68  10:55  Stalker x2  
  68  10:56  Stalker x2  
Show
View Real Time Build Order
Export as new Build Order

Massa Terran 

Build Orders: 2 Factory 

Get SALT Encoding   

  12  0:00  SCV  
  13  0:12  SCV  
  14  0:23  Supply Depot  
  14  0:25  SCV  
  15  0:32  Refinery  
  15  0:45  SCV  
  15  0:46  Barracks  
  16  0:57  SCV  
  17  1:09  SCV  
  18  1:21  SCV  
  19  1:34  Orbital Command  
  19  1:45  Barracks Reactor  
  19  1:56  Command Center  
  19  2:02  SCV  
  20  2:21  Marine x2  
  22  2:35  Factory  
  22  2:36  SCV  
  23  2:48  Supply Depot  
  23  2:59  Supply Depot  
  23  3:07  Factory  
  23  3:08  SCV, Marine x2  
  23  3:11  Orbital Command  
  26  3:19  Bunker  
  26  3:20  SCV  
  26  3:26  Marine x2  
  29  3:32  SCV  
  30  3:40  SCV  
  31  3:44  SCV  
  32  3:52  Barracks Tech Lab, SCV  
  32  3:53  Hellion  
  32  3:54  Hellion  
  37  3:57  Factory Tech Lab  
  37  3:59  SCV  
  38  4:04  SCV  
  38  4:05  Barracks  
  38  4:07  Supply Depot  
  39  4:11  SCV  
  39  4:14  Refinery  
  39  4:15  Starport, Cyclone  
  43  4:22  Marauder  
  45  4:25  Hellion  
  45  4:26  Hellion  
  33  4:53  Cyclone  
  35  5:00  Barracks Tech Lab  
  25  5:41  Orbital Command  
  24  5:56  Barracks Tech Lab  
  24  5:57  Factory Tech Lab  
  24  6:00  Cyclone  
  24  6:02  Marauder  
  29  6:07  Refinery  
  29  6:16  Marauder  
  29  6:17  SCV x2  
  33  6:26  Starport Tech Lab  
  33  6:29  SCV x2  
  35  6:41  SCV  
  35  6:43  SCV  
  35  6:45  Refinery  
  37  6:50  Command Center  
  37  6:53  SCV, Supply Depot  
  38  6:55  SCV  
  38  6:56  Engineering Bay  
  39  7:01  Cyclone  
  39  7:02  Cyclone  
  39  7:05  SCV  
  39  7:07  Marine  
  39  7:08  SCV  
  43  7:18  SCV, Supply Depot  
  43  7:20  SCV  
  39  7:24  Marine  
  26  7:48  Cyclone, Marine  
  29  8:03  Cyclone  
  31  8:06  Mag-Field Accelerator, Marine  
  31  8:20  Cyclone  
  31  8:24  Marine  
  31  8:26  SCV x2  
  37  8:42  Marauder  
  37  8:48  Cyclone  
  39  9:03  Marauder  
  41  9:13  Marauder  
  40  9:24  Cyclone  
  40  9:25  Marauder  
  45  9:34  Marauder  
  41  9:46  Marauder  
  41  9:49  Cyclone  
  46  9:53  SCV  
  46  9:54  SCV x2  
  46  9:55  Marauder  
  51  10:01  Cyclone  
  51  10:06  SCV x3  
  57  10:08  Marauder  
  59  10:17  Marauder  
  61  10:28  Barracks x2  
  51  10:29  Marauder  
Tags
 
Add a new tag
Caveats
  • Supply blocks, unpowered buildings, or Contaminate may cause inaccurate times.
  • Supply counts are checked every 10 seconds.